[Event "Titled Tuesday Blitz August 08 Early 2023"]
[White "Skliarov, Viktor"]
[Black "Gavilan Diaz, Mario"]
[WhiteFideId "14106736"]
[BlackFideId "2260905"]
[WhiteElo "2686"]
[BlackElo "2515"]
[Result "1-0"]
[Round "4"]
[TimeControl "180+1"]
[Date "2023.08.08"]
[WhiteClock "0:00:58"]
[BlackClock "0:00:03"]
[Board "92"]

1. e4 e6 2. d4 d5 3. e5 c5 4. c3 Qb6 5. Nf3 Bd7 6. Be2 Bb5 7. c4 Bxc4 8. Bxc4 dxc4 9. d5 exd5 10. Qxd5 Ne7 11. Qe4 Qc6 12. Qxc4 Qa6 13. Qe4 Nbc6 14. Na3 O-O-O 15. Nc4 Ng6 16. O-O Nd4 17. b3 Be7 18. Bb2 Nxf3+ 19. Qxf3 Qe6 20. a4 Rd5 21. a5 Rhd8 22. a6 b6 23. Ne3 Nh4 24. Qe4 f5 25. Qc4 Rxe5 26. Bxe5 Qxe5 27. Rfe1 f4 28. Nd5 Nf3+ 29. gxf3 Qg5+ 30. Kf1 Rxd5 31. Rxe7 Qh5 32. Qe4 Kd8 33. Re8+ Kd7 34. Qe6+ Kc7 35. Rc8# 1-0


[Site "https://www.chess.com"]

[Event "Titled Tuesday Blitz August 08 Early 2023"]
[White "Godzwon, Iwo"]
[Black "Perrine, Dalton"]
[WhiteFideId "21802483"]
[BlackFideId "2048434"]
[WhiteElo "2677"]
[BlackElo "2515"]
[Result "1-0"]
[Round "4"]
[TimeControl "180+1"]
[Date "2023.08.08"]
[WhiteClock "0:01:18"]
[BlackClock "0:00:03"]
[Board "93"]

1. e4 c5 2. Nf3 e6 3. g3 Nc6 4. Bg2 Nf6 5. Qe2 e5 6. O-O Be7 7. c3 O-O 8. Rd1 d5 9. exd5 Qxd5 10. Nd4 Nxd4 11. cxd4 Qxd4 12. Nc3 Bg4 13. Bf3 Bxf3 14. Qxf3 e4 15. Qe3 Qxe3 16. fxe3 c4 17. b3 cxb3 18. axb3 Rfd8 19. Ra4 Bc5 20. Kf1 Re8 21. Ke2 a6 22. Rc4 Rac8 23. Ra4 Re6 24. Bb2 Rce8 25. Rf1 Rb6 26. Rc4 Rxb3 27. Na4 Be7 28. Bxf6 Bxf6 29. Nc5 Rc8 30. Rxe4 Rb5 31. Nd7 Bb2 32. Re7 f6 33. Rf4 a5 34. Rg4 f5 35. Ra4 Rd8 36. d4 Bc3 37. Nc5 Bb4 38. Rxb7 Rxb7 39. Nxb7 Rb8 40. Nxa5 Bxa5 41. Rxa5 Rb2+ 42. Kf3 Rxh2 43. Rxf5 1-0


[Site "https://www.chess.com"]

[Event "Titled Tuesday Blitz August 08 Early 2023"]
[White "reevecanada"]
[Black "Rychagov, Andrey"]
[BlackFideId "4119932"]
[WhiteElo "2515"]
[BlackElo "2677"]
[Result "1-0"]
[Round "4"]
[TimeControl "180+1"]
[Date "2023.08.08"]
[WhiteClock "0:00:31"]
[BlackClock "0:00:03"]
[Board "94"]

1. e4 c5 2. Nf3 e6 3. b3 b6 4. d4 cxd4 5. Nxd4 Bb7 6. Nd2 Nc6 7. Bb2 Nxd4 8. Bxd4 Nf6 9. Bd3 Be7 10. O-O O-O 11. e5 Nd5 12. Ne4 Nf4 13. Re1 Qc7 14. c4 Nxd3 15. Qxd3 Rfd8 16. Qg3 Bxe4 17. Rxe4 f5 18. Re2 a6 19. Rd1 b5 20. c5 b4 21. h4 a5 22. h5 h6 23. Qg6 Ra6 24. g4 Bxc5 25. gxf5 Bxd4 26. Rxd4 Qc1+ 27. Kh2 Qg5 28. f6 Qxg6 29. hxg6 Kf8 30. f7 Rc6 31. Red2 Rc7 32. f4 Ke7 33. Kg3 Rc3+ 34. Kg4 Rc7 35. Rd6 Rb8 36. f5 exf5+ 37. Kxf5 Rbc8 38. R2d5 Ra8 39. e6 dxe6+ 40. Rxe6+ Kf8 41. Ke5 Re7 42. Rd6 Rxe6+ 43. Kxe6 h5 44. Rd5 Ra6+ 45. Kf5 h4 46. Rd8+ 1-0


[Site "https://www.chess.com"]

[Event "Titled Tuesday Blitz August 08 Early 2023"]
[White "Akhmedinov, Satbek"]
[Black "Hirneise, Jens"]
[WhiteFideId "13714287"]
[BlackFideId "24614734"]
[WhiteElo "2671"]
[BlackElo "2514"]
[Result "1-0"]
[Round "4"]
[TimeControl "180+1"]
[Date "2023.08.08"]
[WhiteClock "0:00:40"]
[BlackClock "0:00:05"]
[Board "95"]

1. e4 Nf6 2. e5 Nd5 3. Nf3 d6 4. c4 Nb6 5. d4 g6 6. Nc3 Bg7 7. Be3 Bg4 8. exd6 exd6 9. Be2 O-O 10. Qb3 Nc6 11. Rd1 Bxf3 12. gxf3 Re8 13. O-O Qh4 14. Ne4 f5 15. c5+ d5 16. cxb6 fxe4 17. Qxd5+ Kh8 18. bxc7 Rac8 19. fxe4 Rxc7 20. Bf3 Rd8 21. Qe6 Re7 22. Qg4 Qxg4+ 23. Bxg4 Bxd4 24. Bg5 Rxe4 25. Bf3 Rde8 26. Bxe4 Rxe4 27. Kh1 Kg7 28. f4 h6 29. Bh4 Re2 30. b4 a6 31. a3 Ra2 32. f5 g5 33. Bg3 Kf7 34. Rd3 h5 35. h3 h4 36. Bc7 Re2 37. Rfd1 Re4 38. a4 b5 39. axb5 axb5 40. Bd6 Kf6 41. Rc1 Ne5 42. Bxe5+ Bxe5 43. Rd5 Rxb4 44. Rcc5 Re4 45. Rxb5 Kxf5 46. Kg2 Kf4 47. Rd2 Bd4 48. Rb8 Be3 49. Rf8+ Ke5 50. Rd1 Bf4 51. Re8+ Kf5 52. Rd5+ Re5 53. Rexe5+ Bxe5 54. Kf3 Ke6 55. Ke4 Bf4 56. Ra5 Kf6 57. Ra6+ Ke7 58. Kf5 Kd7 59. Re6 Bd2 60. Re4 Bf4 61. Kf6 Kd6 62. Rd4+ Kc5 63. Rd3 Kc6 64. Ke6 Kc7 65. Rc3+ Kd8 66. Rc5 Be3 67. Rc4 Bf4 68. Rc2 Be3 69. Rc3 Bf4 70. Rd3+ Ke8 71. Ra3 Kf8 72. Kf6 Ke8 73. Ra8+ Kd7 74. Ra7+ Kd6 75. Ra6+ Kd7 76. Re6 Bd2 77. Re4 Bf4 78. Kf5 Kd6 79. Rd4+ Ke7 80. Rd1 Kf7 81. Rd7+ Ke8 82. Ke6 Be3 83. Rd1 Bf4 84. Rd3 Kf8 85. Kf6 Ke8 86. Rd1 g4 87. hxg4 h3 88. Rh1 h2 89. g5 Kf8 90. g6 Kg8 91. Rd1 Bc7 92. g7 Bb6 93. Kg6 Bc7 94. Re1 h1=Q 95. Re8# 1-0


[Site "https://www.chess.com"]

[Event "Titled Tuesday Blitz August 08 Early 2023"]
[White "Golubev, Mikhail"]
[Black "Vyatkin, Dmitry"]
[WhiteFideId "14100983"]
[BlackFideId "4171900"]
[WhiteElo "2669"]
[BlackElo "2513"]
[Result "0-1"]
[Round "4"]
[TimeControl "180+1"]
[Date "2023.08.08"]
[WhiteClock "0:00:00"]
[BlackClock "0:00:02"]
[Board "96"]

1. e4 e6 2. d4 d5 3. Bd3 dxe4 4. Bxe4 c5 5. Ne2 Nf6 6. Bf3 cxd4 7. Qxd4 Qxd4 8. Nxd4 a6 9. O-O Nbd7 10. Re1 Bc5 11. Nb3 Bd6 12. Nc3 Ne5 13. Be2 Bd7 14. Bf4 Ke7 15. Rad1 Nc4 16. Bc1 Rac8 17. Rd4 b5 18. Bf3 Rc7 19. Bg5 Be5 20. Rxc4 bxc4 21. Rxe5 cxb3 22. axb3 Bc6 23. Rc5 Rhc8 24. Bf4 Nd7 25. Rc4 e5 26. Be3 Bxf3 27. Rxc7 Rxc7 28. gxf3 Ke6 29. Kf1 f5 30. f4 g5 31. fxe5 f4 32. Bd4 Nxe5 33. Ke2 Kf5 34. Bb6 Rc6 35. Bd8 Rh6 36. Nd5 Rxh2 37. c4 Ng4 38. Bb6 Rh3 39. Bd4 Rxb3 40. c5 Ke4 0-1


[Site "https://www.chess.com"]

[Event "Titled Tuesday Blitz August 08 Early 2023"]
[White "Mattheii"]
[Black "Seemann, Jakub"]
[BlackFideId "21874697"]
[WhiteElo "2513"]
[BlackElo "2669"]
[Result "0-1"]
[Round "4"]
[TimeControl "180+1"]
[Date "2023.08.08"]
[WhiteClock "0:00:07"]
[BlackClock "0:00:28"]
[Board "97"]

1. d4 Nf6 2. c4 e6 3. Nc3 c5 4. d5 exd5 5. cxd5 d6 6. e4 g6 7. Be2 Bg7 8. Nf3 O-O 9. O-O Re8 10. Nd2 Na6 11. f3 Nc7 12. a4 a6 13. Nc4 Rb8 14. Bf4 Bf8 15. a5 Nh5 16. Be3 Nb5 17. Qd2 Nd4 18. Bxd4 cxd4 19. Qxd4 Qg5 20. Qd2 Qh4 21. Qe1 Qf6 22. Qf2 Nf4 23. Kh1 h5 24. g3 Nh3 25. Qe3 h4 26. Nb6 Bg7 27. Kg2 Ng5 28. Nxc8 Rbxc8 29. Rac1 h3+ 30. Kg1 Qd4 31. Qxd4 Bxd4+ 32. Kh1 f5 33. Bd3 Bxc3 34. Rxc3 Rxc3 35. bxc3 fxe4 36. fxe4 Nxe4 37. Kg1 Nxc3 38. Bxg6 Re2 39. Bf7+ Kg7 40. Be6 Rg2+ 41. Kh1 Ne4 42. Bxh3 Ra2 43. Be6 Nf6 44. Rb1 Rxa5 45. Rxb7+ Kg6 46. Rb2 Nxd5 47. Bxd5 Rxd5 48. Kg2 Kf5 49. Ra2 a5 50. Ra4 Rb5 51. Kf3 Ke5 52. h4 Rb3+ 53. Kg4 Rb4+ 54. Rxb4 axb4 55. h5 b3 0-1


[Site "https://www.chess.com"]

[Event "Titled Tuesday Blitz August 08 Early 2023"]
[White "Matinian, Nikita"]
[Black "Shubenkova, Veronika"]
[WhiteFideId "24129100"]
[BlackFideId "44124040"]
[WhiteElo "2666"]
[BlackElo "2508"]
[Result "1-0"]
[Round "4"]
[TimeControl "180+1"]
[Date "2023.08.08"]
[WhiteClock "0:01:07"]
[BlackClock "0:01:37"]
[Board "98"]

1. e4 e6 2. d4 d5 3. Nc3 Nf6 4. Bg5 Be7 5. e5 Nfd7 6. h4 h6 7. Bxe7 Qxe7 8. Qg4 g6 9. Bd3 h5 10. Qf4 a6 11. Nf3 c5 12. dxc5 Nxc5 13. O-O-O Nc6 14. Ng5 b5 15. Rh3 Ra7 16. Rf3 b4 17. Ne2 Nxd3+ 18. cxd3 a5 19. Kb1 Ba6 20. Rc1 Bb5 21. Qe3 Rd7 22. Rxf7 Qxf7 23. Nxf7 Rxf7 24. Nf4 Nd8 25. Rc8 Bd7 26. Rxd8+ Kxd8 27. Qb6+ Kc8 28. Nxe6 Bxe6 29. Qxe6+ Rd7 30. Qc6+ Kd8 31. Qa8+ 1-0


[Site "https://www.chess.com"]

[Event "Titled Tuesday Blitz August 08 Early 2023"]
[White "Kuznetsov, Mikhail"]
[Black "Weetik, Vjacheslav"]
[WhiteFideId "4117190"]
[BlackFideId "4153472"]
[WhiteElo "2484"]
[BlackElo "2664"]
[Result "1-0"]
[Round "4"]
[TimeControl "180+1"]
[Date "2023.08.08"]
[WhiteClock "0:00:07"]
[BlackClock "0:00:02"]
[Board "99"]

1. Nf3 Nf6 2. g3 d5 3. Bg2 Bf5 4. O-O e6 5. d4 c6 6. c4 Nbd7 7. Nfd2 h5 8. h4 Be7 9. Nc3 Bg6 10. e4 dxe4 11. Ndxe4 Nxe4 12. Nxe4 Nf6 13. Nc3 Qa5 14. Bg5 Rd8 15. Qd2 O-O 16. Nd5 Rxd5 17. cxd5 Bb4 18. Qe2 Nxd5 19. a3 Bd6 20. Bf3 Nf6 21. Bxf6 gxf6 22. Be4 f5 23. Bf3 f4 24. Be4 f5 25. Bf3 Rf6 26. Bxh5 fxg3 27. Bxg6 Rxg6 28. fxg3 Rxg3+ 29. Kf2 Qd5 30. Ke1 Qxd4 31. Rd1 Qf6 32. Rxd6 Rg4 33. Qxe6+ Qxe6+ 34. Rxe6 Kf7 35. Re5 Rxh4 36. Rexf5+ Kg6 37. R5f4 Rh2 38. R4f2 Rh3 39. Kd1 Re3 40. Kc2 1-0


[Site "https://www.chess.com"]

[Event "Titled Tuesday Blitz August 08 Early 2023"]
[White "Hua, Lefong"]
[Black "Tokman, Ariel"]
[WhiteFideId "2602253"]
[BlackFideId "117420"]
[WhiteElo "2662"]
[BlackElo "2499"]
[Result "1-0"]
[Round "4"]
[TimeControl "180+1"]
[Date "2023.08.08"]
[WhiteClock "0:00:22"]
[BlackClock "0:00:00"]
[Board "100"]

1. d4 d5 2. c4 c6 3. Nf3 Nf6 4. Nc3 a6 5. c5 g6 6. Bf4 Bg7 7. h3 O-O 8. e3 Nbd7 9. b4 Ne4 10. Qc2 Nxc3 11. Qxc3 a5 12. b5 Re8 13. Be2 e5 14. Nxe5 Nxe5 15. Bxe5 Bxe5 16. dxe5 Qe7 17. f4 f6 18. exf6 Qxe3 19. Qxe3 Rxe3 20. Kd2 Re4 21. g3 Kf7 22. Bd3 Ra4 23. Rhe1 Kxf6 24. Re8 Ra3 25. Rae1 Rxa2+ 26. Kc3 a4 27. Rf8+ Kg7 28. Ree8 Ra3+ 29. Kd4 Rxd3+ 30. Kxd3 Bf5+ 31. Kc3 Ra5 32. bxc6 Rxc5+ 33. Kd4 Rxc6 34. g4 Be6 35. f5 gxf5 36. gxf5 Rc4+ 37. Ke5 Re4+ 38. Kd6 Bf7 39. Ra8 a3 40. Rfb8 a2 41. Rxa2 d4 42. Ra7 Rf4 43. Ke5 Rf1 44. Rbxb7 Re1+ 45. Kxd4 Rd1+ 46. Ke3 Re1+ 47. Kf2 1-0


[Site "https://www.chess.com"]

[Event "Titled Tuesday Blitz August 08 Early 2023"]
[White "Rosh Jain"]
[Black "Dehtiarov, Roman"]
[WhiteFideId "25789465"]
[BlackFideId "14186640"]
[WhiteElo "2484"]
[BlackElo "2661"]
[Result "0-1"]
[Round "4"]
[TimeControl "180+1"]
[Date "2023.08.08"]
[WhiteClock "0:00:12"]
[BlackClock "0:00:49"]
[Board "101"]

1. e4 e5 2. Nf3 Nc6 3. Bb5 a6 4. Ba4 Nf6 5. O-O Be7 6. Re1 b5 7. Bb3 d6 8. c3 O-O 9. h3 Bb7 10. d4 Re8 11. Nbd2 Bf8 12. Nf1 exd4 13. cxd4 Na5 14. Ng5 Nxb3 15. Qxb3 Qd7 16. Ng3 h6 17. Nf3 Nxe4 18. Bf4 Nxg3 19. Bxg3 g6 20. d5 Bg7 21. Rac1 Rxe1+ 22. Nxe1 Re8 23. Nd3 Qf5 24. Nb4 a5 25. Nc6 Bxc6 26. Rxc6 Qb1+ 27. Kh2 Re1 28. Bf4 g5 29. Be3 Be5+ 30. g3 Qe4 31. Rc1 Qh1# 0-1


[Site "https://www.chess.com"]

[Event "Titled Tuesday Blitz August 08 Early 2023"]
[White "Freitag, Manfred"]
[Black "Shuvalov, Evgenij"]
[WhiteFideId "1602004"]
[BlackFideId "4187237"]
[WhiteElo "2654"]
[BlackElo "2480"]
[Result "1/2-1/2"]
[Round "4"]
[TimeControl "180+1"]
[Date "2023.08.08"]
[WhiteClock "0:00:17"]
[BlackClock "0:00:16"]
[Board "102"]

1. e4 e6 2. d4 d5 3. e5 c5 4. c3 Nc6 5. Nf3 Qb6 6. Bd3 cxd4 7. O-O Bd7 8. Re1 Nge7 9. Nbd2 a6 10. Nb3 dxc3 11. bxc3 Ng6 12. Rb1 Qc7 13. Qe2 Be7 14. Nbd4 O-O 15. h4 Nxd4 16. cxd4 Bb5 17. Bxb5 axb5 18. h5 Nh4 19. Nxh4 Bxh4 20. h6 g6 21. Rxb5 Ra4 22. Be3 Rfa8 23. Rb2 Be7 24. Reb1 R8a7 25. Qb5 Qd8 26. Rc2 Rxa2 27. Rxa2 Rxa2 28. Qxb7 Ra8 29. g3 Rc8 30. Kg2 Ra8 31. Rb6 Rc8 32. Ra6 Rb8 33. Qc6 Bg5 34. Qc1 Be7 35. Ra7 Rc8 36. Qa1 Bg5 37. Qe1 Be7 38. Qd2 Bf8 39. Bg5 Qb6 40. Rd7 Qb5 41. Ra7 Qb6 42. Rd7 Qb5 43. Ra7 Qb6 1/2-1/2


[Site "https://www.chess.com"]

[Event "Titled Tuesday Blitz August 08 Early 2023"]
[White "Rodchenkov, Sergey D."]
[Black "Yaran, Siar"]
[WhiteFideId "4168712"]
[BlackFideId "6323006"]
[WhiteElo "2478"]
[BlackElo "2652"]
[Result "0-1"]
[Round "4"]
[TimeControl "180+1"]
[Date "2023.08.08"]
[WhiteClock "0:00:02"]
[BlackClock "0:00:11"]
[Board "103"]

1. e4 e5 2. Nf3 Nf6 3. d4 d6 4. dxe5 Nxe4 5. exd6 Bxd6 6. Qd4 O-O 7. Bd3 Bf5 8. O-O Nc6 9. Qe3 Re8 10. Bxe4 Bxe4 11. Nbd2 Bxc2 12. Qc3 Bg6 13. a3 Ne5 14. b4 Nd3 15. Nc4 Be7 16. Be3 c5 17. Rad1 Bf6 18. Qc2 b5 19. Na5 c4 20. a4 a6 21. Nc6 Qc8 22. Ncd4 Qb7 23. axb5 axb5 24. Qc3 h6 25. h4 Ra2 26. Ra1 Rea8 27. Rxa2 Rxa2 28. Ra1 Rxa1+ 29. Qxa1 Nxb4 30. Qa5 Nc2 31. h5 Nxd4 32. Nxd4 Bxd4 33. Bxd4 Bxh5 34. Qd8+ Kh7 35. Qf8 f6 36. Qb4 Qd5 37. Qb1+ Bg6 38. Qb2 b4 39. Be3 Qd6 40. Qd2 Qxd2 41. Bxd2 c3 42. Be3 b3 43. Bd4 b2 0-1


[Site "https://www.chess.com"]

[Event "Titled Tuesday Blitz August 08 Early 2023"]
[White "Mmukka"]
[Black "Tarhan, Adar"]
[BlackFideId "34544712"]
[WhiteElo "2472"]
[BlackElo "2646"]
[Result "1-0"]
[Round "4"]
[TimeControl "180+1"]
[Date "2023.08.08"]
[WhiteClock "0:00:13"]
[BlackClock "0:00:00"]
[Board "104"]

1. e4 c6 2. d4 d5 3. exd5 cxd5 4. Bd3 Nc6 5. c3 Nf6 6. h3 g6 7. Bf4 Bf5 8. Be2 Qb6 9. Qb3 Bg7 10. Nf3 O-O 11. Nbd2 Rfc8 12. O-O Ne4 13. Rfe1 Nxd2 14. Nxd2 Na5 15. Qxd5 a6 16. b4 Nc6 17. Nb3 Be6 18. Qf3 Bxb3 19. axb3 e6 20. Qg3 Ne7 21. Bc4 Qc6 22. Qg5 Nf5 23. Rac1 h5 24. Bxe6 fxe6 25. Qxg6 Re8 26. Qxh5 Rad8 27. Be5 Rd5 28. Bxg7 Nxg7 29. Qg6 Rd7 30. Re5 Rxd4 31. Rg5 Re7 32. Re1 Qxc3 33. Re3 Rd1+ 34. Kh2 Qc7+ 35. Reg3 Rd2 36. Qf6 Qd7 37. h4 1-0


[Site "https://www.chess.com"]

[Event "Titled Tuesday Blitz August 08 Early 2023"]
[White "benny_aizenberg"]
[Black "Reprintsev, Alexander"]
[BlackFideId "14100541"]
[WhiteElo "2641"]
[BlackElo "2472"]
[Result "1-0"]
[Round "4"]
[TimeControl "180+1"]
[Date "2023.08.08"]
[WhiteClock "0:01:36"]
[BlackClock "0:01:02"]
[Board "105"]

1. f4 e5 2. fxe5 d6 3. Nf3 Nc6 4. d4 dxe5 5. d5 e4 6. dxc6 Qxd1+ 7. Kxd1 exf3 8. exf3 bxc6 9. Bd3 Be6 10. c3 O-O-O 11. Kc2 Ne7 12. Be3 Kb7 13. Nd2 Nf5 14. Bf2 Bd6 15. Nb3 h5 16. Na5+ Ka8 17. Nxc6 Rde8 18. Nxa7 Bd7 19. Nb5 Bf4 20. g3 c6 21. gxf4 cxb5 22. Rhe1 Kb7 23. Re5 Rxe5 24. fxe5 g5 25. Be4+ Kc7 26. Rd1 g4 27. Rxd7+ Kxd7 28. Bxf5+ Ke7 29. Bh4+ Ke8 30. fxg4 hxg4 31. Bg3 1-0


[Site "https://www.chess.com"]

[Event "Titled Tuesday Blitz August 08 Early 2023"]
[White "Jeet, Jain"]
[Black "Iljin, Timofey"]
[WhiteFideId "5073022"]
[BlackFideId "14110180"]
[WhiteElo "2640"]
[BlackElo "2466"]
[Result "1-0"]
[Round "4"]
[TimeControl "180+1"]
[Date "2023.08.08"]
[WhiteClock "0:00:15"]
[BlackClock "0:00:07"]
[Board "106"]

1. d4 f5 2. c4 Nf6 3. Nc3 g6 4. g3 Bg7 5. Bg2 O-O 6. Nf3 d6 7. O-O Qe8 8. d5 Na6 9. Qc2 Bd7 10. a3 Nc5 11. b4 Na4 12. Nxa4 Bxa4 13. Qa2 Bd7 14. Bb2 h6 15. Nd4 g5 16. e3 Qh5 17. Ne6 Bxe6 18. dxe6 c6 19. h3 Ne8 20. b5 f4 21. exf4 gxf4 22. g4 Qh4 23. f3 c5 24. Rae1 Bxb2 25. Qxb2 Qf6 26. Qc2 Ng7 27. Qe4 b6 28. Re2 Rac8 29. Rfe1 h5 30. Rf1 hxg4 31. fxg4 Qg5 32. Ref2 Rf6 33. Rxf4 Rcf8 34. Rxf6 Rxf6 35. Rxf6 Qxf6 36. Qe3 Kh7 37. Bd5 Qa1+ 38. Kg2 Qb2+ 39. Kg3 Qf6 40. h4 Ne8 41. g5 Qg7 42. Be4+ Kh8 43. Qf4 Kg8 44. h5 Nf6 45. Kh4 Nxe4 46. Qxe4 Qb2 47. Qg6+ Kh8 48. Qe8+ Kh7 49. Qxe7+ Kh8 50. Qf6+ Qxf6 51. gxf6 Kg8 52. Kg5 a6 53. bxa6 b5 54. a7 Kh7 55. a8=Q bxc4 56. f7 c3 57. Qg8# 1-0


[Site "https://www.chess.com"]

[Event "Titled Tuesday Blitz August 08 Early 2023"]
[White "Korkmaz, Necmettin"]
[Black "Saya, Ethan"]
[WhiteFideId "6303285"]
[BlackFideId "26095181"]
[WhiteElo "2465"]
[BlackElo "2637"]
[Result "1/2-1/2"]
[Round "4"]
[TimeControl "180+1"]
[Date "2023.08.08"]
[WhiteClock "0:00:57"]
[BlackClock "0:00:04"]
[Board "107"]

1. e4 e6 2. d4 d5 3. e5 c5 4. c3 Nc6 5. Nf3 Bd7 6. Bd3 cxd4 7. cxd4 Qb6 8. O-O Nxd4 9. Nxd4 Qxd4 10. Nc3 a6 11. Qe2 Rc8 12. Kh1 Bc5 13. f4 Ne7 14. Bd2 O-O 15. Rf3 Nf5 16. a3 Nh4 17. Be3 Nxf3 18. Bxd4 Nxd4 19. Qh5 g6 20. Qh6 Rfd8 21. Rf1 Bf8 22. Qh4 Nb5 23. Ne2 Bg7 24. Qg3 Rc7 25. h4 Rdc8 26. h5 Na7 27. Qg5 Bb5 28. Rf3 Bxd3 29. Rxd3 Rc2 30. Nd4 Rxb2 31. hxg6 hxg6 32. Rh3 Nb5 33. Nf3 Nc3 34. Qh4 Ne4 35. Qh7+ Kf8 36. Rh4 Rc1+ 37. Kh2 Rbb1 38. Kh3 Nf2+ 39. Kg3 Ne4+ 40. Kg4 Rc2 41. g3 Rg2 42. Rh3 Nf2+ 43. Kg5 Nxh3+ 44. Qxh3 Rf2 45. Nd4 Rd1 46. Nxe6+ fxe6 47. Qxe6 Rg2 48. g4 Rdg1 49. Qc8+ Ke7 50. Qxb7+ Kf8 51. Qc8+ Ke7 52. Qc7+ Kf8 53. Qd8+ Kf7 54. Qd7+ Kf8 55. Qd8+ Kf7 56. Qd7+ Kf8 57. Qd8+ 1/2-1/2


[Site "https://www.chess.com"]

[Event "Titled Tuesday Blitz August 08 Early 2023"]
[White "Radzhabov, Rodion"]
[Black "FREDERICKtheMATE"]
[WhiteFideId "884715"]
[WhiteElo "2636"]
[BlackElo "2451"]
[Result "1-0"]
[Round "4"]
[TimeControl "180+1"]
[Date "2023.08.08"]
[WhiteClock "0:00:54"]
[BlackClock "0:00:56"]
[Board "108"]

1. e4 c5 2. Nf3 Nc6 3. Bb5 g6 4. Bxc6 dxc6 5. d3 Bg7 6. h3 Qc7 7. Nc3 e5 8. Be3 b6 9. Qd2 h6 10. O-O Ne7 11. Nh2 Be6 12. f4 exf4 13. Bxf4 Be5 14. Bxe5 Qxe5 15. Nf3 Qg7 16. e5 g5 17. Ne4 O-O-O 18. a4 a5 19. Qf2 Ng6 20. b4 axb4 21. a5 Nxe5 22. axb6 Nxf3+ 23. Qxf3 Qd4+ 24. Kh1 f5 25. Qg3 f4 26. Qf2 Qxf2 27. Rxf2 Bf5 28. Nxc5 Rhe8 29. Ra8# 1-0


[Site "https://www.chess.com"]

[Event "Titled Tuesday Blitz August 08 Early 2023"]
[White "Tologon tegin, Semetei"]
[Black "szachmistrz2500"]
[WhiteFideId "13800574"]
[WhiteElo "2636"]
[BlackElo "2446"]
[Result "1-0"]
[Round "4"]
[TimeControl "180+1"]
[Date "2023.08.08"]
[WhiteClock "0:01:43"]
[BlackClock "0:01:02"]
[Board "109"]

1. e4 c5 2. Nf3 d6 3. d4 cxd4 4. Nxd4 Nf6 5. Nc3 a6 6. a3 e5 7. Nf3 Qc7 8. g3 h6 9. Bg2 Be6 10. O-O Be7 11. Nh4 O-O 12. Nf5 Bxf5 13. exf5 Nbd7 14. h4 Rac8 15. g4 Nb6 16. g5 hxg5 17. hxg5 Nh7 18. Qh5 Qc4 19. f6 gxf6 20. Be4 Qxe4 21. Nxe4 f5 22. Ng3 f4 23. Ne4 Rxc2 24. Kg2 f5 25. Qg6+ Kh8 26. Rh1 1-0


[Site "https://www.chess.com"]

[Event "Titled Tuesday Blitz August 08 Early 2023"]
[White "Sharavdorj, Dashzegve"]
[Black "Devaev, Alexander"]
[WhiteFideId "4900340"]
[BlackFideId "4169395"]
[WhiteElo "2636"]
[BlackElo "2444"]
[Result "0-1"]
[Round "4"]
[TimeControl "180+1"]
[Date "2023.08.08"]
[WhiteClock "0:00:00"]
[BlackClock "0:00:11"]
[Board "110"]

1. d4 Nf6 2. c4 e6 3. Nc3 Bb4 4. e3 c5 5. Bd3 cxd4 6. exd4 d5 7. Nf3 dxc4 8. Bxc4 Nc6 9. O-O O-O 10. a3 Bxc3 11. bxc3 b6 12. Bd3 Bb7 13. Bg5 Ne7 14. Ne5 Qd6 15. Bxf6 gxf6 16. Qh5 Ng6 17. Ng4 Qf4 18. Rae1 Qg5 19. Qxg5 fxg5 20. Ne5 Rac8 21. c4 Rfd8 22. Bxg6 hxg6 23. Rd1 Rd6 24. f4 gxf4 25. Rxf4 Rc7 26. Rdf1 f5 27. g4 Be4 28. h4 Rxd4 29. gxf5 gxf5 30. Kf2 Rg7 31. Ke2 Rg2+ 32. R1f2 Rxf2+ 33. Rxf2 Rd8 34. Rf1 Kg7 35. Ke3 Kf6 36. Kf4 Rd2 37. Rg1 Rf2+ 38. Ke3 Rh2 39. Kf4 Rxh4+ 40. Ke3 Kxe5 41. Rg7 Rh3+ 42. Kf2 Rxa3 43. Rc7 Kf4 44. c5 bxc5 45. Rxc5 e5 46. Rc1 Ra2+ 47. Ke1 Rc2 48. Ra1 Ke3 49. Kf1 Bd3+ 50. Kg1 a6 51. Ra5 Kf4 52. Ra3 e4 53. Kh1 Ke3 54. Kg1 f4 55. Ra1 Rb2 56. Re1+ Kf3 57. Rc1 Rb1 58. Kh2 Rxc1 0-1


[Site "https://www.chess.com"]

[Event "Titled Tuesday Blitz August 08 Early 2023"]
[White "Gamayev, Oleg"]
[Black "Rosenberg, Evan S"]
[WhiteFideId "2802813"]
[BlackFideId "2019299"]
[WhiteElo "2635"]
[BlackElo "2414"]
[Result "0-1"]
[Round "4"]
[TimeControl "180+1"]
[Date "2023.08.08"]
[WhiteClock "0:01:19"]
[BlackClock "0:00:28"]
[Board "111"]

1. d3 e5 2. e4 Nc6 3. Nf3 Nf6 4. Be2 Bc5 5. O-O d6 6. c3 a6 7. b4 Ba7 8. a4 h6 9. Nbd2 O-O 10. Nc4 Re8 11. b5 axb5 12. axb5 Bxf2+ 13. Rxf2 Rxa1 14. bxc6 bxc6 15. Rf1 Ba6 16. Ncd2 Qb8 17. d4 Rxc1 18. Qxc1 Bxe2 19. Re1 Bxf3 20. Nxf3 exd4 21. Nxd4 Rxe4 22. Nxc6 Qb6+ 23. Nd4 Qc5 24. h3 d5 25. Kh1 Rxe1+ 26. Qxe1 Ne4 27. Nf5 Qxc3 28. Qb1 Ng3+ 29. Nxg3 Qxg3 30. Qf5 Qe1+ 31. Kh2 Qe6 32. Qc2 Qd6+ 33. Kh1 d4 34. Qe2 d3 35. Qe8+ Kh7 36. Qe4+ Qg6 37. Qd5 c5 38. Qxc5 d2 39. Qd5 Qb1+ 40. Kh2 d1=Q 0-1


[Site "https://www.chess.com"]

[Event "Titled Tuesday Blitz August 08 Early 2023"]
[White "Mika, Tomasz"]
[Black "HamedWafa4"]
[WhiteFideId "1132970"]
[WhiteElo "2411"]
[BlackElo "2630"]
[Result "1-0"]
[Round "4"]
[TimeControl "180+1"]
[Date "2023.08.08"]
[WhiteClock "0:00:04"]
[BlackClock "0:00:01"]
[Board "112"]

1. e4 e5 2. Nf3 Nc6 3. d4 exd4 4. Nxd4 Bc5 5. Be3 Bxd4 6. Bxd4 Nxd4 7. Qxd4 Qf6 8. Qxf6 Nxf6 9. Nc3 d6 10. h3 Bd7 11. Bd3 Bc6 12. Kd2 O-O-O 13. Rae1 Rhe8 14. f4 Nh5 15. Rhf1 f5 16. g4 Ng3 17. gxf5 Nxf1+ 18. Rxf1 Rd7 19. b4 a6 20. a4 Rf7 21. b5 axb5 22. axb5 Bd7 23. Ra1 Kb8 24. b6 cxb6 25. Bc4 Rf6 26. Nd5 Rh6 27. Nxb6 Bc6 28. Be6 Rxh3 29. Ra8+ Kc7 30. Nd5+ Bxd5 31. Rxe8 Bxe4 32. f6 Rh2+ 33. Ke3 gxf6 34. Kxe4 Kb6 35. Rc8 h5 36. Kf5 Rf2 37. Bd5 h4 38. c4 h3 39. Rh8 h2 40. Kg4 Kc5 41. Kg3 Rd2 42. Be6 Re2 43. f5 b5 44. cxb5 Kxb5 45. Rxh2 Re3+ 46. Kf4 Re1 47. Rh6 Rf1+ 48. Ke3 Kc5 49. Rxf6 d5 50. Rf8 d4+ 51. Ke2 Rf4 52. Rc8+ Kd6 53. Kd3 Ke5 54. Rc5+ Kf6 55. Rd5 Rf3+ 56. Kxd4 Rf4+ 57. Kd3 Rh4 58. Rd4 Rh3+ 59. Ke2 Rh1 60. Rd3 Rh2+ 61. Kf1 Rh1+ 62. Kg2 Rb1 63. Rg3 Rb2+ 64. Kh3 Rb8 65. Rg6+ Ke5 66. Kg3 Rb1 67. Kg4 Rg1+ 68. Kh5 Rh1+ 69. Kg5 Rh2 70. Kg4 Rg2+ 71. Kh5 Rh2+ 72. Kg5 Rh1 73. Bd7 Rg1+ 74. Kh6 Rd1 75. Be6 Rf1 76. Kg7 Rf2 77. Rg3 Rf1 78. Re3+ Kd4 79. Re2 Rg1+ 80. Kf7 Kd3 81. Re5 Kd4 82. Re2 Kd3 83. Ra2 Ke4 84. Ra5 Rb1 85. f6 Rb7+ 86. Kg6 Rb6 87. Kg7 Rxe6 88. f7 Re7 89. Kf6 Ra7 90. Rxa7 1-0


[Site "https://www.chess.com"]

[Event "Titled Tuesday Blitz August 08 Early 2023"]
[White "Qiao, Cindy"]
[Black "Iskusnyh, Sergei"]
[WhiteFideId "2620243"]
[BlackFideId "4120027"]
[WhiteElo "2400"]
[BlackElo "2629"]
[Result "0-1"]
[Round "4"]
[TimeControl "180+1"]
[Date "2023.08.08"]
[WhiteClock "0:00:00"]
[BlackClock "0:00:26"]
[Board "113"]

1. d4 d5 2. Bf4 Nf6 3. e3 c5 4. Nf3 Nc6 5. Nbd2 cxd4 6. exd4 Bg4 7. c3 e6 8. h3 Bh5 9. Bb5 Bd6 10. Bxd6 Qxd6 11. O-O O-O 12. Re1 Nd7 13. Qa4 Qc7 14. Re3 Nb6 15. Qc2 Rac8 16. Rae1 Bg6 17. Qd1 Nd7 18. Bd3 Bxd3 19. Rxd3 b5 20. b4 a5 21. a3 Nb6 22. Qe2 Ne7 23. Ne5 Na4 24. Rc1 Ng6 25. Nxg6 hxg6 26. Nb3 axb4 27. axb4 Ra8 28. Nc5 Nb6 29. Rg3 Nc4 30. h4 Qf4 31. Re1 Qxh4 32. Qf3 Qf6 33. Qg4 Qf5 34. Qh4 Ra2 35. Rh3 f6 36. Qh7+ Kf7 37. Qh4 e5 38. Rf3 Qh5 39. Qxh5 gxh5 40. dxe5 Rfa8 41. e6+ Ke7 42. Rg3 g5 43. Rd3 Ra1 44. Rxa1 Rxa1+ 45. Kh2 Ne5 46. Rxd5 h4 47. g3 Nf3+ 48. Kg2 g4 49. Rd7+ Ke8 0-1


[Site "https://www.chess.com"]